 Dungeon Crawl Stone Soup version 0.20.1-1-g8b1a95d (webtiles) character file.

51 slep the Skirmisher (level 3, -2/29 HPs)
             Began as a Demonspawn Fighter on Oct 25, 2017.
             Slain by a goblin
             ... wielding a +0 dagger
              (3 damage)
             ... on level 2 of the Dungeon.
             The game lasted 00:04:46 (814 turns).

slep the Skirmisher (Demonspawn Fighter)             Turns: 814, Time: 00:04:47

Health: -2/29      AC:  1    Str: 16    XL:     3   Next: 58%
Magic:  3/3        EV:  8    Int:  9    God:
Gold:   25         SH:  9    Dex: 13    Spells: 2/2 levels left

rFire    . . .     SeeInvis .   a - +0 long sword
rCold    . . .     Gourm    .   c - +0 shield
rNeg     . . .     Faith    .   o - -2 leather armour (curse)
rPois    .         Spirit   .   (no helmet)
rElec    .         Reflect  .   (no cloak)
rCorr    .         Harm     .   (no gloves)
MR       .....                  (no boots)
Stlth    +.........             (no amulet)
Regen    0.1/turn               (no ring)
MPRegen  0.1/turn               (no ring)

@: lethally poisoned (-2 -> -7)
A: spiny 1
a: no special abilities


You were on level 2 of the Dungeon.
You were not hungry.

You visited 1 branch of the dungeon, and saw 2 of its levels.

You collected 25 gold pieces.

Inventory:

Hand Weapons
 a - a +0 long sword (weapon)
Armour
 b - a +0 scale mail
 c - a +0 shield (worn)
 o - a cursed -2 leather armour (worn)
Scrolls
 k - a scroll of noise {unknown}
Potions
 d - a potion of might
 e - a potion of curing {unknown}
 g - a potion of mutation {unknown}
 h - a potion of resistance {unknown}
 j - a potion of flight {unknown}
 l - a potion of haste {unknown}
 n - a potion of lignification {unknown}
 p - a potion of heal wounds {unknown}
Comestibles
 f - a bread ration
 i - 2 royal jellies
 m - 2 fruits


   Skills:
 + Level 3.5 Fighting
 + Level 2.1 Long Blades
 + Level 3.2 Armour
 + Level 3.0 Shields


You had 2 spell levels left.
You didn't know any spells.

Dungeon Overview and Level Annotations

Branches:
Dungeon (2/15)

Altars:
Nemelex Xobeh
Trog
Uskayaw


Innate Abilities, Weirdness & Mutations

You are partially covered in sharp spines.


Message History

You finish putting on your cursed -2 leather armour.
Oops, that feels deathly cold.
Found a scale mail.
An adder and a hobgoblin come into view.
The goblin shouts!
The adder hisses angrily.
The hobgoblin hits you with a club.
You completely miss the hobgoblin. The hobgoblin is struck by your spines.
The hobgoblin hits you but does no damage.
You block the adder's attack. You block the hobgoblin's attack.
You closely miss the hobgoblin. The adder is struck by your spines.
The adder bites you.
You are poisoned.
The adder poisons you! You block the hobgoblin's attack.
You block the goblin's attack.
You closely miss the hobgoblin.
You feel sick. The adder bites you. x2
* * * LOW HITPOINT WARNING * * *
The hobgoblin hits you with a club.
* * * LOW HITPOINT WARNING * * *
The goblin hits you with a dagger.
You die...

..... ... . .... ..... ..
...#####..... ...
............
....#..................
............... ......
####...g....######....##
......S@................
.......g.?..............
#.......#....####.......
........#....####.......
........#.......#...)...
........#.......#.......
.....####.........####..
.....###.........## ####
.#...........#...#####8##


You could see an adder, a hobgoblin and a goblin.

Vanquished Creatures
  A gnoll (D:1)
  An ooze (D:1)
  A dart slug (D:1)
  A leopard gecko (D:1)
  A ball python (D:2)
  5 bats (D:1)
  A giant cockroach (D:1)
  5 goblins
  3 hobgoblins
  3 jackals (D:2)
  A frilled lizard (D:2)
  7 kobolds
  4 rats
34 creatures vanquished.

Notes
Turn   | Place    | Note
-------+----------+-------------------------------------------
     0 | D:1      | slep the Demonspawn Fighter began the quest for the Orb.
     0 | D:1      | Reached XP level 1. HP: 18/18 MP: 1/1
   141 | D:1      | Gained mutation: You are partially covered in sharp spines. [demonic ancestry]
   141 | D:1      | Reached XP level 2. HP: 24/24 MP: 2/2
   241 | D:1      | Reached XP level 3. HP: 27/29 MP: 3/3
   710 | D:2      | Found a bloodstained altar of Trog.
   710 | D:2      | Found a sparkling altar of Nemelex Xobeh.
   710 | D:2      | Found a hide-covered altar of Uskayaw.
   814 | D:2      | HP: 1/29 [hobgoblin/club (5)]
   814 | D:2      | Slain by a goblin

Skill      XL: |  1  2  3 |
---------------+----------+-----
Armour         | 3 |  3.2
Long Blades    | 2 |  2.1
Shields        | 3 |  3.0
Fighting       | |  3.5

Action                   || total
-------------------------++-------
Melee: Long sword        ||    72
Armor: Scale mail        ||    21
       Leather armour    ||     1
Dodge: Dodged            ||    14
Block: Shield            ||    46
       Rpst.: Long sword ||     3
